 Dungeon Crawl Stone Soup version 0.22-b1-26-g9dbaab1 (webtiles) character file.

24570 Goblin1989 the Slicer (level 13, -15/93 HPs)
             Began as an Octopode Monk on Aug 7, 2018.
             Was an Initiate of Gozag.
             Demolished by an entropy weaver
             ... wielding a +0 trident
              (22 damage)
             ... on level 5 of the Lair of Beasts.
             The game lasted 01:33:08 (19365 turns).

Goblin1989 the Slicer (Octopode Monk)              Turns: 19365, Time: 01:33:09

Health: -15/93     AC: -3    Str: 14    XL:     13   Next: 14%
Magic:  35/35      EV: 23    Int: 13    God:    Gozag
Gold:   766        SH: 13    Dex: 22    Spells: 15/18 levels left

rFire    + . .     SeeInvis .   b - +7 hand crossbow
rCold    + + .     Gourm    .   s - +1 buckler
rNeg     . . .     Faith    .   (helmet restricted)
rPois    +         Spirit   .   R - +6 amulet of reflection
rElec    +         Reflect  +   t - +3 ring of dexterity
rCorr    +         Harm     .   F - ring of magical power
MR       .....                  L - ring of magical power
Stlth    +++++++...             x - ring of stealth
HPRegen  0.25/turn              Q - ring of wizardry
MPRegen  0.24/turn              c - ring of protection from cold
                                d - +4 ring of strength
                                (no ring)

@: resistant, corroded, studying Necromancy
A: almost no armour, stealthy swim, amphibious, 8 rings, constrict 8, camouflage
1, gelatinous body 1
a: Potion Petition, Call Merchant, Bribe Branch, Renounce Religion


You were on level 5 of the Lair of Beasts.
You worshipped Gozag.
Gozag was pleased with you.
You were not hungry.

You visited 3 branches of the dungeon, and saw 15 of its levels.
You also visited: Labyrinth and Bailey.

You collected 2661 gold pieces.
You spent 526 gold pieces at shops.
You paid 1369 gold pieces to Gozag.

Inventory:

Hand Weapons
 a - a +4 short sword of electrocution
 b - a +7 hand crossbow (weapon)
 l - a +2 hunting sling of freezing
 D - a +4 quick blade
 J - a +2 double sword of electrocution
Missiles
 g - 230 arrows
 k - 88 poisoned needles
 o - 261 stones {@Q3}
 C - 85 bolts (quivered)
 I - 137 sling bullets
 N - 3 curare-tipped needles
 W - 65 tomahawks of returning
Armour
 s - a +1 buckler (worn)
Magical Staves
 S - an uncursed staff of wizardry {!a}
Jewellery
 c - a ring of protection from cold (on tentacle)
 d - a +4 ring of strength (on tentacle)
 f - the amulet "Uzxonaer" {Harm *Drain rElec Str-5 Int+8}
   (You found it in a labyrinth)

   [amulet of harm]

   It increases damage dealt and taken.
   It affects your strength (-5).
   It affects your intelligence (+8).
   It insulates you from electricity.
   It causes draining when unequipped.
 t - a +3 ring of dexterity (left tentacle)
 x - a ring of stealth (on tentacle)
 z - an uncursed ring of ice
 F - a ring of magical power (right tentacle)
 L - a ring of magical power (on tentacle)
 Q - a ring of wizardry (on tentacle)
 R - a +6 amulet of reflection (around mantle)
Wands
 p - a wand of acid (9) {@v2}
 E - a wand of flame (61) {@v6}
 G - a wand of iceblast (16) {@v4}
 K - a wand of digging (6) {@v1}
Scrolls
 j - 3 scrolls of fear
 r - 3 scrolls of amnesia
 v - 3 scrolls of remove curse {@r3}
 B - a scroll of blinking
 H - 4 scrolls of enchant armour
 M - 3 scrolls of magic mapping
 T - 7 scrolls of teleportation {!r, @r2}
Potions
 h - 2 potions of lignification
 i - a potion of might {@q4}
 m - 7 potions of heal wounds {@q2}
 A - a potion of agility {@q5}
 O - a potion of flight
 P - 4 potions of curing {@q1}
 U - 2 potions of haste {@q3,}
 V - 2 potions of brilliance
 X - a potion of berserk rage
 Y - 5 potions of magic
 Z - 5 potions of mutation {!q}
Books
 u - a manual of Necromancy
Miscellaneous
 y - a lamp of fire
Comestibles
 e - 15 rations


   Skills:
 + Level 10.4 Fighting
 - Level 12.0(12.5) Short Blades
 * Level 6.3(10.0) Long Blades
 - Level 4.0 Throwing
 + Level 10.3 Dodging
 - Level 10.0 Stealth
 - Level 4.2 Shields
 - Level 3.0 Spellcasting
 - Level 3.0 Necromancy


You had 15 spell levels left.
You knew the following spells:

 Your Spells              Type           Power        Failure   Level  Hunger
a - Confusing Touch       Hex            #.....       9%          1    #......
c - Passwall              Tmut/Erth      #.......     14%         2    ###....

Your spell library contained the following spells:

 Spells                   Type           Power        Failure   Level  Hunger
 Magic Dart               Conj           #...         9%          1    #......
 Apportation              Tloc           #.....       9%          1    #......
 Confuse                  Hex            #.......     26%         3    ###....
 Throw Frost              Conj/Ice       #.....       14%         2    ###....
 Summon Small Mammal      Summ           #...         9%          1    #......
 Iskenderun's Mystic Bla  Conj           #.......     63%         4    #####..
 Animate Skeleton         Necr           N/A          2%          1    #......
 Freeze                   Ice            #...         9%          1    #......
 Summon Ice Beast         Ice/Summ       #.......     63%         4    #####..
 Ozocubu's Armour         Chrm/Ice       #.......     26%         3    ###....
 Stone Arrow              Conj/Erth      #.....       26%         3    ###....
 Throw Icicle             Conj/Ice       #.......     63%         4    #####..
 Metabolic Englaciation   Hex/Ice        #.........   91%         5    ######.
 Lee's Rapid Deconstruct  Erth           #.........   91%         5    ######.
 Sandblast                Erth           #.....       9%          1    #......
 Petrify                  Tmut/Erth      #.......     63%         4    #####..
 Fulminant Prism          Conj/Hex       #.........   63%         4    #####..
 Dazzling Spray           Conj/Hex       #.....       26%         3    ###....
 Force Lance              Conj/Tloc      #.......     63%         4    #####..
 Searing Ray              Conj           #.....       14%         2    ###....
 Gell's Gravitas          Tloc           #.........   26%         3    ###....
 Yara's Violent Unravell  Hex/Tmut       #.........   91%         5    ######.


Dungeon Overview and Level Annotations

Branches:
Dungeon (9/15)             Temple (1/1) D:7            Lair (5/6) D:9
  Swamp (0/4) Lair:4       Spider (0/4) Lair:4        Slime (0/5) Lair:5
    Orc: D:9-12

Altars:
Ashenzari
Cheibriados
Elyvilon
Fedhas
Gozag
Hepliaklqana
Makhleb
Nemelex Xobeh
Okawaru
Qazlal
Ru
Sif Muna
Trog
Uskayaw
Vehumet
Wu Jian
Xom
Yredelemnul
Zin
The Shining One
Jiyva

Shops:
Lair:1 (   Lair:5 :

Annotations:
D:4 2 transporters, Lilu's ghost, amateur DECj
Lair:1 exclusion: oklob plant
Lair:5 exclusion: 3 doors


Innate Abilities, Weirdness & Mutations

You cannot wear most types of armour.
You are very stealthy in the water. (Stealth+)
You are amphibious.
You can wear up to eight rings at the same time.
You can use your tentacles to constrict eight enemies at once.
Your skin changes colour to match your surroundings (Stealth+).
Your rubbery body absorbs attacks. (AC +1, EV +1)


Message History

You hit the entropy weaver.
The entropy weaver is heavily wounded.
You constrict the entropy weaver. The entropy weaver hits you! x2
The entropy weaver hits you. You block the entropy weaver's attack.
You take 28 damage, and have 50/93 hp.
MASSIVE DAMAGE!!
You hit the entropy weaver but do no damage.
You squeeze the entropy weaver.
The entropy weaver is severely wounded.
You constrict the entropy weaver.
The entropy weaver casts a spell.
You hit the entropy weaver. Your squeeze misses the entropy weaver.
The entropy weaver is severely wounded.
You constrict the entropy weaver. You puncture the entropy weaver!
Lightning courses through the entropy weaver!
You kill the entropy weaver!
Your base Long Blades skill increases to level 6!
Unknown command.
You now have 766 gold pieces (gained 7).
Your +4 short sword of electrocution stops crackling.
b - a +7 hand crossbow (weapon)
You hear the crackle of electricity.
a - a +4 short sword of electrocution (weapon)
Throwing (i - inventory. (/) - cycle)
o - 261 stones (quivered)
{@Q3}
Press: ? - help, Shift-Dir - straight line, f - entropy weaver
Aim: an entropy weaver, wielding a trident (hasn't noticed you)
Okay, then.
Your +4 short sword of electrocution stops crackling.
b - a +7 hand crossbow (weapon)
Firing (i - inventory. (/) - cycle)
C - 93 bolts (quivered)
Press: ? - help, Shift-Dir - straight line, f - entropy weaver
Aim: an entropy weaver, wielding a trident (hasn't noticed you)
You shoot a bolt. The bolt hits the entropy weaver.
The entropy weaver is lightly wounded.
The entropy weaver throws a stone.
The stone misses you.
Firing (i - inventory. (/) - cycle)
C - 92 bolts (quivered)
Press: ? - help, Shift-Dir - straight line, f/p - entropy weaver
Aim: an entropy weaver, wielding a trident (lightly wounded)
You shoot a bolt.
The bolt hits the entropy weaver but does no damage.
The entropy weaver is lightly wounded.
The entropy weaver throws a stone.
You reflect the stone off an invisible shield around you!
The stone hits the entropy weaver!
Firing (i - inventory. (/) - cycle)
C - 91 bolts (quivered)
Press: ? - help, Shift-Dir - straight line, f/p - entropy weaver
Aim: an entropy weaver, wielding a trident (moderately wounded)
You shoot a bolt. The bolt hits the entropy weaver!
The entropy weaver is moderately wounded.
The entropy weaver throws a stone.
The stone misses you.
The entropy weaver throws a stone.
You reflect the stone off an invisible shield around you!
The stone closely misses the entropy weaver.
Firing (i - inventory. (/) - cycle)
C - 90 bolts (quivered)
Press: ? - help, Shift-Dir - straight line, f/p - entropy weaver
Aim: an entropy weaver, wielding a trident (moderately wounded)
You shoot a bolt. The bolt hits the entropy weaver!
The entropy weaver is heavily wounded.
The entropy weaver throws a stone.
You reflect the stone off an invisible shield around you!
The stone hits the entropy weaver but does no damage.
The entropy weaver throws a stone.
The stone closely misses you.
Firing (i - inventory. (/) - cycle)
C - 89 bolts (quivered)
Press: ? - help, Shift-Dir - straight line, f/p - entropy weaver
Aim: an entropy weaver, wielding a trident (heavily wounded)
You shoot a bolt. The bolt hits the entropy weaver!
The entropy weaver is heavily wounded.
The entropy weaver throws a stone.
The stone closely misses you.
Firing (i - inventory. (/) - cycle)
C - 88 bolts (quivered)
Press: ? - help, Shift-Dir - straight line, f/p - entropy weaver
Aim: an entropy weaver, wielding a trident (heavily wounded)
You shoot a bolt. The bolt hits the entropy weaver.
The entropy weaver is heavily wounded.
Firing (i - inventory. (/) - cycle)
C - 87 bolts (quivered)
Press: ? - help, Shift-Dir - straight line, f/p - entropy weaver
Aim: an entropy weaver, wielding a trident (heavily wounded)
You shoot a bolt. The bolt hits the entropy weaver!
The entropy weaver is severely wounded.
The entropy weaver mumbles some strange words.
The entropic weave corrodes you! You block the entropy weaver's attack.
The entropy weaver hits you from afar with a trident!
* * * LOW HITPOINT WARNING * * *
The entropy weaver closely misses you.
The entropy weaver hits you from afar with a trident!
* * * LOW HITPOINT WARNING * * *
You take 26 damage, and have 29/93 hp.
MASSIVE DAMAGE!!
Firing (i - inventory. (/) - cycle)
C - 86 bolts (quivered)
Press: ? - help, Shift-Dir - straight line, f/p - entropy weaver
Aim: an entropy weaver, wielding a trident (severely wounded)
You shoot a bolt.
The bolt completely misses the entropy weaver.
You block the entropy weaver's attack. x2
The entropy weaver closely misses you.
The entropy weaver hits you from afar with a trident!
* * * LOW HITPOINT WARNING * * *
The entropy weaver hits you from afar with a trident!
* * * LOW HITPOINT WARNING * * *
The entropy weaver hits you from afar with a trident!!
You die...
Your body crumbles into a pile of gold.

▓≈≈≈≈♣▓▓ ♣♣≈≈≈♣≈▓ ███ ♣≈≈≈≈≈♣████
███P██♣P.≈..≈█.P███
███████████P...█......██....█
█.P...█.██............██....███
......................█..∩....███
..................█.█(.........██
.............█(.@.a((..(.......█.
..█.██.█.█..███(...............█.
....██████.P█ █P.................
█...█ █...█ █..................
█...█ █..██ █P..........>......
█..██ ███...█ ██..█..█.........█▲
█..█ █..P..███......██.......██.
█..█ █......███...........>███$$
█..████....█..██.....█P"...██...█


You could see an entropy weaver.

Vanquished Creatures
  An entropy weaver (Lair:5)
  A minotaur (Lab)
  Fannar (Lair:1)
  A hydra (Lair:5)
  Erica (D:8)
  Urug (Lair:4)
  An orc knight (Bailey)
  An elephant (D:9)
  3 black mambas
  Joseph (D:7)
  Psyche (D:8)
  7 spiny frogs
  A rime drake (Lair:5)
  6 komodo dragons
  A merfolk (D:9)
  4 jumping spiders (Lair:4)
  A polar bear (Lair:3)
  3 blink frogs (Lair:5)
  3 hippogriffs
  3 redbacks (Lair:4)
  A vampire (D:9)
  A wraith (D:7)
  2 wyverns
  A basilisk (Lair:3)
  6 yaks
  A hungry ghost (D:7)
  Grum (D:8)
  5 water moccasins
  12 soldier ants (Lair:5)
  6 porcupines
  2 sky beasts
  3 orc warriors
  3 black bears
  3 ice beasts
  4 ogres
  4 boggarts (Lair:4)
  5 wolves
  13 crocodiles
  15 bullfrogs
  2 big kobolds
  A gnoll sergeant (D:9)
  A water moccasin zombie (D:8)
  5 scorpions
  4 killer bees (D:9)
  4 wights
  An electric eel (Lair:2)
  A howler monkey (D:2)
  2 crimson imps
  2 bullfrog zombies (D:9)
  A jelly (D:5)
  2 quasits
  A centaur skeleton (D:6)
  A bullfrog skeleton (D:5)
  4 orc priests
  5 hounds
  5 orc wizards
  Natasha (twice) (D:4)
  5 iguanas
  13 worker ants
  18 adders
  16 gnolls
  2 shadow imps
  5 oozes
  5 worms
  3 dart slugs
  6 leopard geckos
  38 orcs
  7 giant cockroaches
  5 goblins
  17 hobgoblins
  5 jackals
  6 quokkas
  3 ball pythons (D:4)
  8 bats
  8 frilled lizards
  29 kobolds
  5 rats
  A fungus (Lair:5)
  A plant (Lair:5)
380 creatures vanquished.

Vanquished Creatures (collateral kills)
  A blink frog (Lair:5)
  A sky beast (D:6)
  A bullfrog (Lair:5)
  A hound (D:7)
  An orc wizard (D:7)
  A gnoll (Bailey)
  An orc (D:7)
  A fungus (Lair:5)
8 creatures vanquished.

Vanquished Creatures (others)
  2 fungi
  3 plants
5 creatures vanquished.

Grand Total: 393 creatures vanquished

Notes
Turn   | Place    | Note
-------+----------+-------------------------------------------
     0 | D:1      | Goblin1989 the Octopode Monk began the quest for the Orb.
     0 | D:1      | Reached XP level 1. HP: 16/16 MP: 1/1
   338 | D:1      | Reached XP level 2. HP: 19/21 MP: 2/2
   694 | D:1      | Reached skill level 4 in Short Blades
   695 | D:1      | Reached XP level 3. HP: 26/26 MP: 3/3
  1027 | D:2      | Found a stormy altar of Qazlal.
  1094 | D:2      | Reached XP level 4. HP: 19/31 MP: 4/4
  1327 | D:2      | Found a shimmering altar of Xom.
  1367 | D:2      | Found a shattered altar of Ashenzari.
  1585 | D:3      | Reached XP level 5. HP: 36/36 MP: 5/5
  1748 | D:4      | Noticed an ogre
  1752 | D:4      | Killed an ogre
  1752 | D:4      | Reached skill level 5 in Short Blades
  1752 | D:4      | Reached XP level 6. HP: 32/42 MP: 6/6
  1823 | D:4      | Noticed Natasha
  2577 | D:4      | Found a transporter.
  2588 | D:4      | Reached skill level 5 in Stealth
  2607 | D:4      | Noticed Lilu's ghost (amateur DECj)
  3072 | D:4      | Killed Natasha
  3073 | D:4      | Reached XP level 7. HP: 17/48 MP: 7/7
  3282 | D:4      | Found a transporter.
  3398 | D:4      | Noticed Natasha
  3409 | D:4      | Killed Natasha
  3409 | D:4      | Reached skill level 6 in Short Blades
  3745 | D:5      | Entered Level 5 of the Dungeon
  4666 | D:5      | Reached XP level 8. HP: 37/54 MP: 8/8
  5601 | D:6      | Learned a level 1 spell: Animate Skeleton
  5608 | D:6      | Reached skill level 7 in Short Blades
  5848 | D:6      | Reached skill level 5 in Fighting
  5948 | D:6      | Reached skill level 1 in Spellcasting
  5948 | D:6      | Reached skill level 1 in Necromancy
  6055 | D:6      | Reached skill level 5 in Dodging
  6093 | D:6      | Reached skill level 1 in Shields
  6477 | D:7      | Reached XP level 9. HP: 49/61 MP: 11/11
  6491 | D:7      | Found a flagged portal.
  6514 | Bailey   | Entered a bailey
  6889 | Bailey   | Noticed an orc knight
  7187 | Bailey   | HP: 3/61 [orc knight/war axe (20)]
  7188 | Bailey   | Killed an orc knight
  7188 | Bailey   | Reached skill level 8 in Short Blades
  8088 | D:7      | Found a staircase to the Ecumenical Temple.
  8097 | Temple   | Entered the Ecumenical Temple
  8175 | Temple   | Became a worshipper of Gozag Ym Sagoz the Greedy
  8195 | D:7      | Noticed Joseph
  8214 | D:7      | Killed Joseph
  8235 | D:7      | Learned a level 1 spell: Confusing Touch
  8660 | D:7      | Reached XP level 10. HP: 65/68 MP: 14/14
  8905 | D:8      | Reached skill level 9 in Short Blades
  8950 | D:8      | Noticed Erica
  8969 | D:8      | Noticed Grum
  9406 | D:8      | Found a basalt altar of Yredelemnul.
  9431 | D:8      | Noticed Psyche
  9436 | D:8      | Killed Psyche
 10187 | D:8      | Killed Erica
 10699 | D:8      | Killed Grum
 10766 | D:8      | Found a glowing silver altar of Zin.
 10893 | D:8      | Found an iron altar of Okawaru.
 10893 | D:8      | Found a snail-covered altar of Cheibriados.
 11000 | D:8      | Found a sacrificial altar of Ru.
 11029 | D:8      | Reached skill level 10 in Short Blades
 11311 | D:9      | Reached skill level 1 in Throwing
 11320 | D:9      | Reached XP level 11. HP: 30/75 MP: 15/15
 11355 | D:9      | HP: 3/75 [something (13)]
 11689 | D:9      | Reached skill level 10 in Stealth
 11781 | D:9      | Found a staircase to the Lair.
 12476 | Lair:1   | Entered Level 1 of the Lair of Beasts
 12710 | Lair:1   | Found a hazy altar of Hepliaklqana.
 12742 | Lair:1   | Noticed an oklob plant
 12923 | Lair:1   | Noticed Fannar
 13093 | Lair:1   | Killed Fannar
 13093 | Lair:1   | Reached skill level 11 in Short Blades
 14863 | Lair:3   | Reached XP level 12. HP: 72/84 MP: 16/16
 15619 | Lair:3   | Reached skill level 12 in Short Blades
 15868 | Lair:1   | Bought a +7 hand crossbow for 526 gold pieces
 15892 | Lair:4   | Found a hole to the Spider Nest.
 15916 | Lair:3   | Identified 2 scrolls of acquirement
 16005 | Lair:4   | Noticed Urug
 16717 | Lair:4   | Found a staircase to the Swamp.
 16872 | Lair:4   | Learned a level 2 spell: Passwall
 16906 | Lair:4   | Killed Urug
 16983 | Lair:4   | Reached skill level 1 in Long Blades
 17392 | Lair:5   | Found a labyrinth entrance.
 17401 | Lab      | Entered a labyrinth
 18055 | Lab      | Noticed a minotaur
 18075 | Lab      | Killed a minotaur
 18098 | Lab      | Found the +3 robe of Folly {Archmagi, MR-- Int+5}
 18098 | Lab      | Found the +8 demon blade "Leech" {vamp, rN+ AC-3 EV-3}
 18098 | Lab      | Got a shimmering bone amulet
 18100 | Lab      | Identified the amulet "Uzxonaer" {Harm *Drain rElec Str-5 Int+8} (You found it in a labyrinth)
 18327 | Lair:5   | Noticed a six-headed hydra
 18342 | Lair:5   | Found a staircase to the Slime Pits.
 18356 | Lair:5   | Found a viscous altar of Jiyva.
 18462 | Lair:5   | Reached skill level 10 in Fighting
 18556 | Lair:5   | Reached skill level 10 in Dodging
 18641 | Lair:5   | Killed a six-headed hydra
 18641 | Lair:5   | Reached skill level 5 in Long Blades
 18714 | Lair:5   | Reached XP level 13. HP: 59/92 MP: 17/17
 19259 | Lair:5   | Noticed an entropy weaver
 19290 | Lair:5   | Noticed an entropy weaver
 19346 | Lair:5   | Killed an entropy weaver
 19365 | Lair:5   | Demolished by an entropy weaver

Skill      XL: |  1  2  3  4  5  6  7  8  9 10 11 12 13 |
---------------+----------------------------------------+-----
Short Blades   | 4 5 6 7 8 10 11 12 | 12.0
Stealth        | 3 4 5 6 7 8 9 10 | 10.0
Fighting       | 4 5 6 7 8 10 | 10.4
Dodging        | 4 5 6 7 8 10 | 10.3
Spellcasting   | 1 3 |  3.0
Necromancy     | 1 3 |  3.0
Shields        | 1 3 4 |  4.2
Throwing       | 1 4 |  4.0
Long Blades    | 5 6 |  6.3

Action                   |  1- 3 |  4- 6 |  7- 9 | 10-12 | 13-15 || total
-------------------------+-------+-------+-------+-------+-------++-------
Melee: Short sword       |    75 |    87 |   221 |   420 |    69 ||   872
       Constrict         |    16 |    20 |    56 |    60 |    13 ||   165
       Tentacles         |     8 |    20 |    52 |   107 |    22 ||   209
       Dagger            |       |       |    52 |     1 |       ||    53
       Quick blade       |       |       |       |    64 |       ||    64
       Double sword      |       |       |       |     7 |       ||     7
 Fire: Hand crossbow     |       |       |     1 |    14 |    14 ||    29
       Hunting sling     |       |       |       |    16 |       ||    16
       Blowgun           |       |       |       |    35 |       ||    35
Throw: Throwing net      |       |       |       |     2 |       ||     2
       Tomahawk          |       |       |       |     1 |       ||     1
 Cast: Animate Skeleton  |       |       |    18 |       |       ||    18
       Passwall          |       |       |       |     4 |       ||     4
Invok: Call Merchant     |       |       |       |     2 |       ||     2
Evoke: Wand              |       |       |    14 |    16 |       ||    30
  Use: Scroll            |       |       |     6 |    23 |       ||    29
       Potion            |       |       |     4 |     8 |     1 ||    13
 Stab: Sleeping          |     9 |    10 |    27 |    41 |       ||    87
       Distracted        |       |       |     3 |     6 |     2 ||    11
       Invisible         |       |       |     2 |       |       ||     2
       Held in net/web   |       |       |       |     2 |       ||     2
  Eat: Chunk             |     1 |     6 |     9 |       |       ||    16
       Ration            |       |       |     5 |    10 |       ||    15
Armor: Skin              |     2 |     3 |     9 |    22 |       ||    36
Dodge: Dodged            |    35 |    49 |   140 |   202 |    20 ||   446
Block: Buckler           |       |       |    27 |    79 |    20 ||   126
       Reflection        |       |       |       |       |     3 ||     3
       Rpst.: Double sword |       |       |       |     2 |       ||     2

Vault maps used:
D:1:      tarquinn_simple_flora_water_f, minmay_misc_feat_room, minmay_domino_4
D:2:      lemuel_round_altar, old_standard_altar, old_standard_altar,
          serial_park_tiny_pond
D:4:      gammafunk_ghost_stat_death, minmay_snake_closets, uniq_natasha
D:5:      first_ration
D:6:      minmay_lizard_king
D:7:      minmay_temple_entry_large_hall, enter_bailey_2, uniq_joseph
D:8:      nicolae_ru_path_of_blood, lemuel_doored_altar, lemuel_crystal_altar,
          nicolae_overflow_hidden_temple, uniq_erica, uniq_psyche, uniq_grum
D:9:      lemuel_flame_loot_2, david_lair_generic, hangedman_fish_farm
Temple:   nicolae_temple_hex_pool
Lair:1:   lemuel_oklob_altar, grunt_megastairs_2, infiniplex_staircase_pool_2,
          serial_bayou_shore_b, uniq_fannar
Lair:2:   infiniplex_staircase_pool
Lair:3:   guppyfry_lair_drakes, grunt_megastairs_4, lemuel_fruit_fields
Lair:4:   swamp_mist, nicolae_spider_entry_tight_spaces,
          kilobyte_rumbling_trees, uniq_urug
Lair:5:   slime_altar_1, lab_entry_generic, zaba_antful_of_joy,
          serial_bayou_shore_b, lemuel_fruit_fields
Lab:      lab_block
Bailey:   bailey_axe_2, bailey
